 Dungeon Sprint DCSS version 0.26.1-2-gb8aa6d0cf2 (webtiles) character file.

Game seed: 10812592923954353449

71 Groucho the Sneak (level 4, -4/21 HPs)
             Began as a Spriggan Enchanter on Feb 13, 2021.
             Slain by a worker ant (5 damage)
             ... while paralysed
             ... in the Dungeon (Sprint II: "The Violet Keep of Menkaure").
             The game lasted 00:00:28 (33 turns).

Groucho the Sneak (Spriggan Enchanter)                Turns: 33, Time: 00:00:28

Health: -4/21      AC:  2    Str:  5    XL:     4   Next: 5%
Magic:  8/11       EV:  4    Int: 16    God:
Gold:   0          SH:  0    Dex: 16    Spells: 11/12 levels left

rFire    . . .     SeeInvis +   a - +1 dagger
rCold    . . .     Faith    .   (shield restricted)
rNeg     . . .     Spirit   .   b - +0 robe
rPois    .         Reflect  .   (helmet restricted)
rElec    .         Harm     .   (no cloak)
rCorr    .         Rampage  .   (gloves unavailable)
Will     .....     NoTele   +   (boots unavailable)
Stlth    ++++......             (no amulet)
HPRegen  0.07/turn              (no ring)
MPRegen  0.12/turn              (no ring)

@: paralysed, lethally poisoned (-4 -> -12), berserk cooldown, slowed, very
quick
A: very small, unfitting armour, see invisible, speed 3
a: no special abilities


You were in the Dungeon.
You visited 1 branch

Inventory:

Hand Weapons
 a - a +1 dagger (weapon)
Armour
 b - a +0 robe (worn)
Scrolls
 i - a scroll of blinking
Potions
 d - a potion of curing
 e - a potion of heal wounds
 f - a potion of haste
 g - 2 potions of magic


   Skills:
 + Level 3.9 Short Blades
 + Level 5.8 Dodging
 + Level 7.0 Stealth
 + Level 4.9 Spellcasting
 + Level 5.5 Hexes


You had 11 spell levels left.
You knew the following spells:

 Your Spells              Type           Power        Failure   Level
a - Corona                Hex            23%          1%          1

Your spell library contained the following spells:

 Spells                   Type           Power        Failure   Level
 Confusing Touch          Hex            21%          4%          3
 Tukima's Dance           Hex            21%          4%          3
 Ensorcelled Hibernation  Hex/Ice        24%          8%          2
 Dazzling Flash           Conj/Hex       24%          14%         3


Dungeon Overview and Level Annotations

Branches:
Dungeon (1/1)

Altars:


Innate Abilities, Weirdness & Mutations

You are very small and have problems with some larger weapons.
You are too small for most types of armour.
You have supernaturally acute eyesight. (SInv)
You cover ground extremely quickly.


Message History

You puncture the worker ant!
The worker ant is severely wounded.
The worker ant closely misses you.
You barely miss the worker ant.
The worker ant is severely wounded.
You barely miss the worker ant.
The worker ant is severely wounded.
You are no longer berserk.
You pass out from exhaustion.
You feel yourself slow down. The worker ant bites you.
* * * LOW HITPOINT WARNING * * *
The worker ant bites you.
* * * LOW HITPOINT WARNING * * *
The worker ant bites you.
* * * LOW HITPOINT WARNING * * *
You are lethally poisoned!
The worker ant poisons you!
* * * LOW HITPOINT WARNING * * *
You feel sick. The worker ant barely misses you. The worker ant bites you.
You die...

## ## . .
.#. #$# #
#B# w#
##@##.#
+.<.+#
##.##.w.#
#+# w## #


You could see a worker ant.

Vanquished Creatures
  3 worker ants (D)
3 creatures vanquished.

Notes
Turn   | Place    | Note
-------+----------+-------------------------------------------
     0 | D        | Groucho the Spriggan Enchanter began the quest for the Orb.
     0 | D        | Reached XP level 1. HP: 9/9 MP: 5/5
     5 | D        | Noticed a worker ant
     5 | D        | Noticed a worker ant
     5 | D        | Noticed a worker ant
     5 | D        | Noticed a worker ant
    14 | D        | Killed a worker ant
    15 | D        | Reached skill level 5 in Stealth
    15 | D        | Reached XP level 2. HP: 7/13 MP: 6/8
    20 | D        | Reached skill level 5 in Dodging
    20 | D        | Reached skill level 6 in Stealth
    20 | D        | Reached skill level 5 in Hexes
    20 | D        | Reached XP level 3. HP: 10/16 MP: 7/10
    27 | D        | Reached skill level 7 in Stealth
    27 | D        | Reached XP level 4. HP: 13/21 MP: 7/11
    33 | D        | HP: 1/21 [poisoned by a worker ant]
    33 | D        | Slain by a worker ant

Illustrated notes

Levels and vault maps discovered:
D:        the_violet_keep_of_menkaure [sprint2_stairs_cluster_1,
          sprint2_shoproom, sprint2_temple, sprint2_basic_supplies,
          sprint2_obstacle_2, sprint2_obstacle_3, sprint2_obstacle_6,
          sprint2_obstacle_7, sprint2_obstacle_4, sprint2_timed_cluster_1,
          sprint2_smallroom_cluster_1, sprint2_smallroom_final_cluster_1,
          sprint2_transparent_cluster_1, sprint2_second_timed_cluster_1,
          sprint2_sniper_area_1, sprint2_heavy_combat_area_1,
          sprint2_mutation_trap_area_1, sprint2_forest_area_1,
          sprint2_light_combat_area_1, sprint2_behind_water_1,
          sprint2_near_end_vault_1]

Skill      XL: |  1  2  3 |
---------------+----------+-----
Short Blades   | 2 3 |  3.9
Dodging        | 4 5 |  5.8
Stealth        | 5 6 7 |  7.0
Spellcasting   | 4 |  4.9
Hexes          | 4 5 |  5.5

Action                   |  1- 3 |  4- 6 || total
-------------------------+-------+-------++-------
Melee: Dagger            |    20 |     4 ||    24
  Use: Potion            |     1 |       ||     1
Dodge: Dodged            |    11 |     2 ||    13
